AoeStats
← ACI brayanpenalamus

Fortress

509746362Analyzed
4v4 RM · 6d ago on Sep 27, 2026· 51m 11s· 8 players
Game mode
Random Map
Map size
Huge
Population
200
Speed
Normal
Resources
Standard
Victory
Conquest
Starting age
Dark Age
Ending age
Imperial Age
RankedLock teamsTeams togetherTeam positionsShared explorationLock speedFull tech treeHidden civsTurbo modeCheats
Victory
Defeat
🇨🇱 Khmer · Chile
1382
+13
🇲🇽 Romans · Mexico
1372
+14
🇺🇸 Varangians · United States
1368
+14
🇧🇷 Spanish · Brazil
1359
+14
🇨🇴 Chinese · Colombia
1403
-17
🇨🇴 Jurchens · Colombia
1399
-16
🇻🇪 Saracens · Venezuela
1253
-11
🇲🇽 Franks · Mexico
1242
-11
johnnyboy
7:10 Feudal Age
11:10 Castle Age
9:28 Double-Bit Axe
10:09 Horse Collar
16:37 Loom
22:18 Wheelbarrow
22:05 Gold Mining
22:06 Stone Mining
22:19 Heavy Plow
22:35 Bow Saw
24:27 Hand Cart
23:57 Town Watch
26:35 Bloodlines
28:59 Imperial Age
26:56 Bloodlines
26:46 Husbandry
26:41 Vendel Legacy
27:41 Scale Barding Armor
27:48 Forging
29:05 Chain Barding Armor
29:07 Cavalier
30:20 Conscription
30:40 Iron Casting
31:52 Plate Barding Armor
32:22 Two-Man Saw
33:43 Blast Furnace
32:33 Fletching
33:28 Crop Rotation
36:13 Bodkin Arrow
36:41 Ballistics
37:22 Chemistry
36:33 Masonry
38:26 Gothikon
39:24 Scale Mail Armor
39:25 Bracer
39:31 Elite Varangian Guard
40:13 Squires
39:59 Arson
40:00 Gambesons
41:39 Chain Mail Armor
43:02 Plate Mail Armor
43:20 Caravan
43:34 Guilds
46:18 Light Cavalry
47:23 Capped Ram
48:24 Pikeman
48:45 Siege Ram
49:36 Halberdier
emmanueldltq08
7:12 Feudal Age
10:49 Castle Age
8:59 Double-Bit Axe
9:15 Horse Collar
11:53 Bow Saw
11:46 Heavy Plow
14:03 Wheelbarrow
16:40 Fervor
16:22 Loom
22:09 Hand Cart
21:47 Town Watch
26:06 Imperial Age
24:44 Ballistics
24:28 Scale Mail Armor
24:38 Forging
25:03 Ballistas
26:23 Chain Mail Armor
26:44 Iron Casting
25:34 Pikeman
26:15 Squires
26:52 Scale Barding Armor
27:26 Conscription
27:17 Siege Engineers
27:21 Halberdier
29:05 Chemistry
28:16 Masonry
27:53 Capped Ram
30:00 Blast Furnace
30:56 Crop Rotation
30:30 Man-at-Arms
31:35 Comitatenses
31:12 Long Swordsman
31:43 Legionary
32:58 Fletching
34:48 Bodkin Arrow
41:12 Architecture
41:48 Siege Ram
43:31 Caravan
43:49 Heavy Scorpion
49:22 Onager
Dunha
7:39 Feudal Age
11:25 Castle Age
9:35 Double-Bit Axe
9:42 Horse Collar
10:20 Gold Mining
17:14 Husbandry
18:45 Bloodlines
20:05 Padded Archer Armor
21:14 Leather Archer Armor
29:15 Wheelbarrow
33:06 Stone Mining
37:57 Stone Shaft Mining
37:32 Bow Saw
37:23 Heavy Plow
37:40 Hand Cart
39:56 Imperial Age
39:02 Fletching
40:08 Bodkin Arrow
40:08 Elite Skirmisher
40:52 Bracer
41:23 Ring Archer Armor
41:31 Conscription
42:31 Chemistry
42:10 Town Watch
43:48 Ballistics
47:49 Two-Man Saw
50:33 Elite Conquistador
Thanos 2022
7:34 Feudal Age
11:01 Castle Age
9:08 Horse Collar
9:24 Double-Bit Axe
12:06 Bow Saw
13:24 Heavy Plow
16:35 Wheelbarrow
20:01 Stone Mining
20:22 Gold Mining
21:34 Stone Shaft Mining
26:22 Imperial Age
24:57 Scale Barding Armor
25:03 Forging
25:38 Bloodlines
25:29 Husbandry
26:06 Chain Barding Armor
26:47 Hand Cart
27:19 Double Crossbow
28:26 Chemistry
27:48 Ballistics
27:16 Loom
27:53 Conscription
28:35 Plate Barding Armor
28:58 Crop Rotation
28:44 Elite Ballista Elephant
29:42 Masonry
30:42 Hoardings
30:28 Siege Engineers
30:39 Husbandry
30:51 Town Watch
34:10 Iron Casting
33:42 Fletching
35:42 Bodkin Arrow
39:33 Blast Furnace
39:24 Caravan
42:34 Hoardings
43:15 Light Cavalry
45:02 Bracer
45:00 Hussar
47:00 Coinage
47:26 Cavalier
50:06 Town Patrol
ACI Paradoja
8:05 Feudal Age
9:39 Loom
12:03 Castle Age
9:58 Double-Bit Axe
19:17 Loom
22:33 Wheelbarrow
21:43 Town Watch
27:00 Imperial Age
24:51 Hand Cart
24:57 Scale Barding Armor
25:02 Forging
25:29 Town Patrol
26:30 Husbandry
27:03 Fortified Wall
27:03 Masonry
27:20 Cavalier
28:25 Chain Barding Armor
28:41 Iron Casting
29:03 Gold Mining
29:05 Stone Mining
29:59 Chivalry
29:36 Paladin
30:40 Bow Saw
31:35 Chemistry
31:53 Plate Barding Armor
35:56 Blast Furnace
34:57 Light Cavalry
39:51 Conscription
45:53 Gold Shaft Mining
47:42 Caravan
ACI Calvohp
7:06 Feudal Age
11:07 Castle Age
9:23 Horse Collar
9:50 Double-Bit Axe
13:03 Wheelbarrow
12:45 Bow Saw
18:02 Fervor
18:36 Hand Cart
21:21 Town Watch
23:12 Gold Mining
23:38 Stone Mining
26:47 Imperial Age
25:17 Gold Shaft Mining
25:38 Scale Mail Armor
26:27 Forging
26:46 Chain Mail Armor
26:33 Squires
26:45 Loom
27:02 Elite Fire Lancer
28:22 Iron Casting
28:18 Conscription
30:34 Blast Furnace
30:00 Guilds
34:11 Two-Man Saw
33:14 Heavy Plow
34:45 Caravan
35:44 Thunderclap Bombs
35:51 Elite Iron Pagoda
36:38 Scale Barding Armor
37:53 Chain Barding Armor
41:11 Heavy Rocket Cart
42:07 Fletching
43:27 Pikeman
43:52 Gambesons
44:54 Halberdier
El Rey Nocturno
7:39 Feudal Age
11:28 Castle Age
9:46 Double-Bit Axe
9:55 Horse Collar
12:40 Bow Saw
14:45 Wheelbarrow
17:16 Hand Cart
19:07 Fletching
19:48 Bodkin Arrow
20:34 Padded Archer Armor
21:40 Ballistics
22:00 Leather Archer Armor
24:18 Elite Skirmisher
25:37 Loom
30:24 Imperial Age
31:34 Bracer
37:33 Caravan
36:58 Crossbowman
37:44 Thumb Ring
37:44 Arbalester
40:32 Chemistry
43:25 Ring Archer Armor
44:22 Pikeman
45:02 Squires
ACI brayanpenalamus
7:41 Feudal Age
12:13 Castle Age
10:38 Double-Bit Axe
10:36 Horse Collar
13:32 Bow Saw
14:48 Loom
19:20 Wheelbarrow
19:11 Gold Mining
19:28 Heavy Plow
21:17 Stone Mining
21:53 Forging
22:53 Husbandry
23:05 Bloodlines
23:53 Gold Shaft Mining
28:09 Imperial Age
25:56 Hand Cart
28:13 Scale Barding Armor
28:43 Iron Casting
28:20 Elite Mameluke
29:22 Conscription
30:28 Chemistry
29:48 Ballistics
31:02 Caravan
33:28 Elite Skirmisher
34:41 Fortified Wall
35:02 Chain Barding Armor
35:43 Blast Furnace
35:00 Town Watch
43:13 Onager
45:44 Siege Onager
Connection lost

Rejoining the realm…

Still unreachable

The connection could not be restored.

Session expired

The server has moved on; the page needs a fresh start.